cohdb
Replays
Latest Replays
All Replays
Popular Replays
Top Player Replays
Match Explorer
How It Works
Community
CoH3 Stats
Reddit
Sign in to upload your games and track your stats! →
Sign in with Steam
Match 47275631
Unlisted
Match 47275631
Overview
Messages
Build Orders
End
Royal Engineer Section
Vickers Machine Gun Team
Royal Engineer Section
Royal Engineer Section
Construct Field Infirmary
Selects Canadian Shock Battlegroup
Selects Incendiary Munitions
Construct Section Command Post
Construct Section Command Post
Selects Pyrotechnics
Construct Platoon Command Post
Shingles
Leeenfield1908
PlayerUnknown
Ada
Paradox
奥沙利文
0
0
Comments
sign in to comment!
No comments posted yet!